 Dungeon Crawl Stone Soup version 0.22.1-2-g9c5b331383 (webtiles) character file.

2669 Ihlosi the Skirmisher (level 9, 0/57 HPs)
             Began as a Kobold Gladiator on Dec 22, 2018.
             Was a Believer of Kikubaaqudgha.
             Slain by an orc warrior
             ... wielding a +0 halberd
              (30 damage)
             ... in a bailey.
             The game lasted 00:25:57 (10025 turns).

Ihlosi the Skirmisher (Kobold Gladiator)           Turns: 10025, Time: 00:25:58

Health: 0/57       AC:  7    Str: 12    XL:     9   Next: 95%
Magic:  20/20      EV: 19    Int: 10    God:    Kikubaaqudgha [**....]
Gold:   260        SH:  0    Dex: 18    Spells: 7/11 levels left

rFire    . . .     SeeInvis .   a - +2 falchion (slice)
rCold    + . .     Gourm    .   (shield restricted)
rNeg     . . .     Faith    .   B - +0 leather armour
rPois    .         Spirit   .   c - +1 helmet
rElec    .         Reflect  .   j - scarf {cloud immunity}
rCorr    .         Harm     .   k - +1 pair of gloves
MR       .....                  (no boots)
Stlth    ++........             (no amulet)
HPRegen  0.19/turn              F - ring of magical power
MPRegen  0.17/turn              D - ring of protection from cold

@: no status effects
A: small, carnivore
a: Receive Corpses, Renounce Religion


You were in a bailey.
You worshipped Kikubaaqudgha.
Kikubaaqudgha was pleased with you.
You were very full.

You visited 1 branch of the dungeon, and saw 8 of its levels.
You also visited: Sewer and Bailey.

You collected 464 gold pieces.
You spent 204 gold pieces at shops.

Inventory:

Hand Weapons
 a - a +2 falchion of slicing (weapon)
 b - a +0 long sword
Missiles
 d - a throwing net (quivered)
 h - 46 poisoned needles
 E - 22 bolts
Armour
 c - a +1 helmet (worn)
 j - a scarf of cloud immunity (worn)
 k - a +1 pair of gloves (worn)
 B - a +0 leather armour (worn)
Jewellery
 t - an uncursed ring of flight
 D - a ring of protection from cold (right hand)
 F - a ring of magical power (left hand)
Wands
 C - a wand of acid (1)
Scrolls
 e - 6 scrolls of identify
 g - 5 scrolls of teleportation
 i - a scroll of fog
 m - 5 scrolls of remove curse
Potions
 l - 4 potions of curing
 n - a potion of heal wounds
 o - 4 potions of magic
 p - a potion of brilliance {unknown}
 v - 2 potions of invisibility
 w - a potion of might
 x - a potion of mutation
 z - a potion of berserk rage
 A - a potion of agility
Comestibles
 f - 10 rations


   Skills:
 * Level 7.0 Fighting
 * Level 7.0 Long Blades
 - Level 3.0 Throwing
 - Level 3.0 Armour
 * Level 6.6 Dodging
 - Level 3.0 Stealth
 * Level 1.6 Spellcasting
 * Level 1.7 Necromancy
 * Level 3.7 Evocations


You had 7 spell levels left.
You knew the following spells:

 Your Spells              Type           Power        Failure   Level  Hunger
a - Pain                  Necr           #...         21%         1    ##.....
b - Vampiric Draining     Necr           #.........   52%         3    ####...

Your spell library contained the following spells:

 Spells                   Type           Power        Failure   Level  Hunger
 Corpse Rot               Necr           N/A          30%         2    ###....
 Sublimation of Blood     Necr           #.........   30%         2    ###....
 Confusing Touch          Hex            #.....       38%         1    ##.....
 Confuse                  Hex            #.......     77%         3    ####...
 Gell's Gravitas          Tloc           #.........   77%         3    ####...
 Petrify                  Tmut/Erth      #.......     99%         4    #####..
 Metabolic Englaciation   Hex/Ice        #.........   100%        5    ######.
 Yara's Violent Unravell  Hex/Tmut       #.........   100%        5    ######.


Dungeon Overview and Level Annotations

Branches:
Dungeon (8/15)             Temple (0/1) D:6
   Lair: D:8-11

Altars:
Ashenzari
Fedhas
Gozag
Hepliaklqana
Kikubaaqudgha
Makhleb
Okawaru
Ru
Uskayaw
Xom
Zin

Shops:
D:4 !

Annotations:
D:6 exclusion: orc warrior
D:8 exclusion: killer bee


Innate Abilities, Weirdness & Mutations

You are small and have problems with some larger weapons.
You are carnivorous and can eat meat at any time.


Message History

Press: ? - help, Shift-Dir - straight line, f/p - orc warrior
Aim: an orc warrior, wearing a chain mail (severely wounded, unusually strong)
The bolt of acid hits the orc warrior.
The orc warrior is splashed with acid.
You kill the orc warrior!
Kikubaaqudgha accepts your kill.
Your Long Blades skill increases to level 7!
Unknown command.
Evoke which item? (* to show all) (? for menu, Esc to quit)
Aiming: Corrosive Bolt
Press: ? - help, Shift-Dir - straight line, f - orc warrior
Aim: an orc warrior, wielding a halberd and wearing a ring mail (unusually The bolt of acid hits the orc warrior.
The orc warrior is splashed with acid.
The acid corrodes the orc warrior!
The orc warrior is heavily wounded.
The orc warrior misses you.
The orc no longer looks unusually strong.
The orc warrior hits you with a halberd!!
Ouch! That really hurt!
You die...
Kikubaaqudgha rasps: "You have failed me!
Welcome... death!"

### ##∩## #.∩.#
#.)@#
o≈≈.....o.≈≈o≈≈
oo≈.......≈oo.≈
≈o≈≈.......≈≈o≈≈
≈≈≈..#...#..≈≈≈.
....##...##.....
#### ##∩## #####
##


You could see 2 orc knights, 3 orc warriors and 4 orcs.

Vanquished Creatures
  An orc warrior (Bailey)
  An ice beast (D:5)
  3 ogres
  2 phantoms (D:4)
  A necrophage (D:6)
  A centaur (D:8)
  A bullfrog (D:8)
  7 scorpions
  2 howler monkeys
  4 crimson imps
  A bullfrog zombie (D:5)
  4 orc wizards
  2 orc priests
  7 hounds
  A jelly (D:5)
  2 bullfrog skeletons
  2 gnoll shamans
  A centaur skeleton (D:5)
  Natasha (twice) (D:2)
  7 worker ants
  A hound skeleton (D:4)
  12 gnolls
  22 adders
  2 oozes
  An adder skeleton (D:4)
  4 worms
  2 dart slugs
  A leopard gecko (D:5)
  19 orcs
  11 bats
  6 giant cockroaches
  9 hobgoblins
  8 jackals
  A quokka (D:7)
  9 ball pythons
  6 frilled lizards
  6 goblins
  A jackal skeleton (D:5)
  8 kobolds
  4 rats
185 creatures vanquished.

Notes
Turn   | Place    | Note
-------+----------+-------------------------------------------
     0 | D:1      | Ihlosi the Kobold Gladiator began the quest for the Orb.
     0 | D:1      | Reached XP level 1. HP: 12/12 MP: 1/1
   156 | D:1      | Reached XP level 2. HP: 17/17 MP: 2/2
   537 | D:1      | Reached skill level 1 in Stealth
   996 | D:2      | Reached XP level 3. HP: 22/22 MP: 3/3
  1054 | D:2      | Noticed Natasha
  1062 | D:2      | Killed Natasha
  1082 | D:2      | Reached XP level 4. HP: 15/27 MP: 4/4
  1301 | D:2      | Reached skill level 1 in Armour
  1448 | D:2      | Noticed Natasha
  1456 | D:2      | Killed Natasha
  1606 | D:2      | Reached XP level 5. HP: 31/31 MP: 5/5
  2864 | D:3      | Found a glowing drain.
  2891 | Sewer    | Entered a sewer
  2976 | Sewer    | Reached XP level 6. HP: 35/36 MP: 6/6
  4188 | D:3      | Found a hazy altar of Hepliaklqana.
  4189 | D:3      | Found a blossoming altar of Fedhas.
  4315 | D:3      | Found a sacrificial altar of Ru.
  4857 | D:4      | Noticed a phantom
  4877 | D:4      | Reached XP level 7. HP: 19/41 MP: 7/7
  5277 | D:4      | Found Has Adyo's Distillery.
  5280 | D:4      | Bought a potion of might for 48 gold pieces
  5280 | D:4      | Bought a potion of mutation for 96 gold pieces
  5280 | D:4      | Bought a potion of berserk rage for 60 gold pieces
  5398 | D:4      | Found a hide-covered altar of Uskayaw.
  5463 | D:4      | Reached skill level 5 in Long Blades
  5463 | D:4      | Reached skill level 1 in Evocations
  5566 | D:4      | Reached skill level 5 in Dodging
  5566 | D:4      | Reached XP level 8. HP: 14/48 MP: 8/8
  5899 | D:5      | Entered Level 5 of the Dungeon
  6481 | D:5      | Found an iron altar of Okawaru.
  6482 | D:5      | Found an opulent altar of Gozag.
  6482 | D:5      | Found a shimmering altar of Xom.
  6482 | D:5      | Found a glowing silver altar of Zin.
  6484 | D:5      | Found an ancient bone altar of Kikubaaqudgha.
  6485 | D:5      | Found a shattered altar of Ashenzari.
  6494 | D:5      | Became a worshipper of Kikubaaqudgha
  6515 | D:5      | Found a burning altar of Makhleb.
  6515 | D:5      | Noticed an Executioner
  6518 | D:5      | Noticed a ynoxinul
  6951 | D:5      | Reached skill level 5 in Fighting
  7234 | D:5      | Reached XP level 9. HP: 40/54 MP: 11/11
  8079 | D:6      | Found a staircase to the Ecumenical Temple.
  8662 | D:7      | Reached skill level 1 in Necromancy
  8664 | D:7      | Reached skill level 1 in Spellcasting
  8670 | D:7      | Reached * piety under Kikubaaqudgha
  8670 | D:7      | Identified Kikubaaqudgha's Almanac of Unholy Rituals
                  | (Kikubaaqudgha gifted it to you on level 7 of the Dungeon)
  8670 | D:7      | Received a gift from Kikubaaqudgha
  8674 | D:7      | Learned a level 1 spell: Pain
  8678 | D:7      | Learned a level 3 spell: Vampiric Draining
  9861 | D:8      | Found a flagged portal.
  9877 | D:8      | Reached ** piety under Kikubaaqudgha
 10001 | Bailey   | Entered a bailey
 10001 | Bailey   | Noticed an orc knight
 10025 | Bailey   | Noticed an orc knight
 10025 | Bailey   | Slain by an orc warrior

Skill      XL: |  1  2  3  4  5  6  7  8  9 |
---------------+----------------------------+-----
Stealth        | 1 2 3 |  3.0
Long Blades    | 3 4 5 6 7 |  7.0
Dodging        | 4 5 6 |  6.6
Armour         | 1 2 3 |  3.0
Fighting       | 3 4 5 7 |  7.0
Throwing       | 3 |  3.0
Evocations     | 1 2 3 |  3.7
Necromancy     | 1 |  1.7
Spellcasting   | 1 |  1.6

Action                   |  1- 3 |  4- 6 |  7- 9 || total
-------------------------+-------+-------+-------++-------
Melee: Long sword        |    45 |   301 |   295 ||   641
       Falchion          |       |       |   208 ||   208
Throw: Throwing net      |       |       |     4 ||     4
Evoke: Wand              |       |       |     7 ||     7
  Use: Scroll            |       |     4 |    12 ||    16
       Potion            |       |     2 |     4 ||     6
 Stab: Sleeping          |     2 |    11 |    12 ||    25
       Paralysed         |       |     3 |       ||     3
       Held in net/web   |       |       |     2 ||     2
  Eat: Chunk             |     8 |    13 |    17 ||    38
Armor: Leather armour    |     9 |    63 |    91 ||   163
Dodge: Dodged            |    45 |   302 |   376 ||   723
       Rpst.: Long sword |    14 |    90 |    66 ||   170
       Falchion          |       |       |    45 ||    45
